 Dungeon Crawl Stone Soup version 0.20.1-1-g8b1a95d (webtiles) character file.

4580 RKaid the Basher (level 10, -3/84 HPs)
             Began as a Formicid Venom Mage on Aug 2, 2017.
             Was an Initiate of Elyvilon.
             Slain by a two-headed ogre
             ... wielding a +0 giant club
              (13 damage)
             ... on level 8 of the Dungeon.
             The game lasted 00:38:11 (11297 turns).

RKaid the Basher (Formicid Venom Mage)             Turns: 11297, Time: 00:38:11

Health: -3/84      AC: 10    Str: 16      XL:     10   Next: 68%
Magic:  12/13      EV: 11    Int: 13      God:    Elyvilon [......]
Gold:   341        SH:  0    Dex:  9 (11) Spells: 13/14 levels left

rFire    . . .     SeeInvis +   a - +1 whip (elec)
rCold    . . .     Gourm    .   (no shield)
rNeg     . . .     Faith    .   r - +0 ring mail
rPois    .         Spirit   .   (helmet unavailable)
rElec    .         Reflect  .   (no cloak)
rCorr    .         Harm     .   (no gloves)
MR       ++...                  p - +2 pair of boots
Stlth    +.........             (no amulet)
Regen    0.3/turn               u - ring of protection from magic {MR+}
MPRegen  0.2/turn               (no ring)

@: very slightly contaminated
A: permanent stasis, dig shafts and tunnels, four strong arms, antennae 3,
iridescent scales 1, dopey 1
a: Dig, Shaft Self, Renounce Religion


You were on level 8 of the Dungeon.
You worshipped Elyvilon.
Elyvilon was noncommittal.
You were not hungry.

You visited 2 branches of the dungeon, and saw 9 of its levels.
You also visited: Ossuary.

You collected 341 gold pieces.

Inventory:

Hand Weapons
 a - a +1 whip of electrocution (weapon)
   (You found it on level 4 of the Dungeon)
 b - a +0 hunting sling
   (You found it on level 4 of the Dungeon)
 d - a +0 whip of flaming
   (You took it off Pikel on level 5 of the Dungeon)
 e - a +0 blowgun
   (You took it off a kobold on level 3 of the Dungeon)
 w - the +4 falchion of the Puffin {slice, rPois rF+ rN+ Dex+4}
   (You found it on level 6 of the Dungeon)

   It inflicts extra damage upon your enemies.
   It affects your dexterity (+4).
   It protects you from fire.
   It protects you from poison.
   It protects you from negative energy.
 C - a +1 short sword of venom
   (You found it on level 1 of the Dungeon)
 I - a +1 whip of freezing
   (You took it off an orc priest on level 8 of the Dungeon)
Missiles
 q - 22 sling bullets
 x - 66 poisoned needles
 z - a throwing net (quivered) {=f}
 B - 162 stones
Armour
 n - a +0 plate armour
   (You found it on level 4 of the Dungeon)
 p - a +2 pair of boots (worn)
   (You found it on level 1 of the Dungeon)
 r - a +0 ring mail (worn)
   (You found it on level 2 of the Dungeon)
Jewellery
 u - a ring of protection from magic (left hand) {MR+}
   (You found it on level 2 of the Dungeon)
Wands
 i - a wand of paralysis (12/24)
   (You found it on level 7 of the Dungeon)
Scrolls
 k - 2 scrolls of immolation {!r}
 l - 2 scrolls of enchant weapon
 m - 4 scrolls of fear
 o - a scroll of remove curse
 D - a scroll of torment {unknown}
 F - a scroll of recharging
 H - a scroll of amnesia
Potions
 f - a potion of agility {unknown}
 g - 3 potions of brilliance {unknown}
 h - a potion of invisibility {unknown}
 j - 3 potions of cancellation
 s - a potion of might {unknown}
 t - 5 potions of curing
 v - 3 potions of lignification {!q}
 A - a potion of magic
Books
 y - a Young Poisoner's Handbook
 E - a book of Changes
   (You found it on level 6 of the Dungeon)
 G - a book of Conjurations
   (You found it on level 8 of the Dungeon)
Comestibles
 c - 4 bread rations
 J - 3 chunks of flesh


   Skills:
 + Level 9.7 Fighting
 - Level 2.6(3.0) Short Blades
 - Level 2.0(2.6) Long Blades
 + Level 10.3 Maces & Flails
 - Level 3.5 Dodging
 - Level 2.4 Stealth
 - Level 2.5 Spellcasting
 - Level 1.0 Conjurations
 - Level 5.0 Poison Magic


You had 13 spell levels left.
You knew the following spells:

 Your Spells              Type           Power        Failure   Level  Hunger
a - Sting                 Conj/Pois      #...         13%         1    #......


Dungeon Overview and Level Annotations

Branches:
Dungeon (8/15)             Temple (1/1) D:7            Lair (0/6) D:8

Altars:
Ashenzari
Cheibriados
Dithmenos
Elyvilon
Fedhas
Gozag
Hepliaklqana
Kikubaaqudgha
Makhleb
Nemelex Xobeh
Okawaru
Qazlal
Ru
Sif Muna
Trog
Uskayaw
Vehumet
Xom
Yredelemnul
Zin
The Shining One

Annotations:
D:2 exclusion: Natasha, Natasha
D:4 Cral's ghost, amateur MiFi


Innate Abilities, Weirdness & Mutations

You cannot be hasted, slowed, berserked, paralysed or teleported.
You can dig through walls and to a lower floor.
Your four strong arms can wield two-handed weapons with a shield.
You have a pair of large antennae on your head. (SInv)
You are partially covered in iridescent scales. (AC +2)
You are dopey. (Int -2)


Message History

q - 19 sling bullets (gained 2)
q - 20 sling bullets (gained 1)
q - 21 sling bullets (gained 1)
q - 22 sling bullets (gained 1)
Things that are here:
a scroll of remove curse; 2 sling bullets Some of the chunks of flesh in your inventory have rotted away.
The two-headed ogre shouts in stereo!
Casting: Sting
Confirm with . or Enter, or press ? or * to list all spells.
Aiming: Sting
Press: ? - help, Shift-Dir - straight line, f - two-headed ogre
Aim: a two-headed ogre, wielding two giant clubs The sting hits the two-headed ogre.
The two-headed ogre appears unharmed.
Casting: Sting
Confirm with . or Enter, or press ? or * to list all spells.
Aiming: Sting
Press: ? - help, Shift-Dir - straight line, f/p - two-headed ogre
Aim: a two-headed ogre, wielding two giant clubs The sting hits the two-headed ogre.
The two-headed ogre is poisoned.
Casting: Sting
Confirm with . or Enter, or press ? or * to list all spells.
Aiming: Sting
Press: ? - help, Shift-Dir - straight line, f/p - two-headed ogre
Aim: a two-headed ogre, wielding two giant clubs (lightly wounded, poisoned)
The sting misses the two-headed ogre.
Evoke which item? (* to show all) (? for menu, Esc to quit)
Aiming: Paralyse (will waste charges)
Press: ? - help, Shift-Dir - straight line, f/p - two-headed ogre
Aim: a two-headed ogre, wielding two giant clubs (lightly wounded, poisoned, chance to defeat MR: 28%)
The two-headed ogre easily resists.
Evoking this partially-identified wand wasted a few charges.
Evoke which item? (* to show all) (? for menu, Esc to quit)
Aiming: Paralyse (will waste charges)
Press: ? - help, Shift-Dir - straight line, f/p - two-headed ogre
Aim: a two-headed ogre, wielding two giant clubs (lightly wounded, poisoned, chance to defeat MR: 28%)
The two-headed ogre easily resists.
Evoking this partially-identified wand wasted a few charges.
Evoke which item? (* to show all) (? for menu, Esc to quit)
Aiming: Paralyse (will waste charges)
Press: ? - help, Shift-Dir - straight line, f/p - two-headed ogre
Aim: a two-headed ogre, wielding two giant clubs (lightly wounded, poisoned, chance to defeat MR: 28%)
The two-headed ogre easily resists.
Evoking this partially-identified wand wasted a few charges.
The two-headed ogre looks more healthy.
You hit the two-headed ogre.
The two-headed ogre barely misses you. x2
You hit the two-headed ogre but do no damage.
You hit the two-headed ogre. The two-headed ogre barely misses you.
The two-headed ogre hits you with a giant club!!
Things that are here:
a scroll of remove curse; 2 sling bullets
Things that are here:
a leather armour; a hand axe Some of the chunks of flesh in your inventory have rotted away.
Quiver which item? (- for none, * to show all) (? for menu, Esc to quit)
Quivering
z - 2 throwing nets {=f} for throwing.
Throwing (i - inventory. (,) - cycle):
z - 2 throwing nets (quivered)
{=f}
Press: ? - help, Shift-Dir - straight line, f/p - two-headed ogre
Aim: a two-headed ogre, wielding two giant clubs (lightly wounded)
You throw a throwing net {=f}.
The throwing net {=f} hits the two-headed ogre.
The two-headed ogre is caught in the net!
The two-headed ogre struggles against the net.
You hit the two-headed ogre.
The two-headed ogre struggles against the net.
You hit the two-headed ogre.
Lightning courses through the two-headed ogre!
You hit the two-headed ogre.
The two-headed ogre struggles against the net.
You hit the two-headed ogre but do no damage.
The two-headed ogre struggles against the net.
You hit the two-headed ogre. You hit the two-headed ogre.
The two-headed ogre struggles against the net.
The net rips apart, and the two-headed ogre comes free!
You hit the two-headed ogre. You hit the two-headed ogre.
The two-headed ogre barely misses you.
The two-headed ogre hits you with a giant club!
You hit the two-headed ogre but do no damage.
You hit the two-headed ogre.
The two-headed ogre hits you with a giant club!
The two-headed ogre hits you with a giant club.
You hit the two-headed ogre.
You hit the two-headed ogre but do no damage.
The two-headed ogre hits you with a giant club!
* * * LOW HITPOINT WARNING * * *
The two-headed ogre hits you with a giant club.
* * * LOW HITPOINT WARNING * * *
Casting: Sting
Confirm with . or Enter, or press ? or * to list all spells.
Aiming: Sting
Press: ? - help, Shift-Dir - straight line, f/p - two-headed ogre
Aim: a two-headed ogre, wielding two giant clubs (severely wounded)
You miscast Sting.
You are very lightly contaminated with residual magic.
Nothing appears to happen.
The two-headed ogre hits you with a giant club!
* * * LOW HITPOINT WARNING * * *
The two-headed ogre hits you with a giant club!
You die...

#(...#.......#
#....#....P..########
#......P.............
.#...........######
#......>.....#
#............#
#............# #.#
#..#.......#.# ..#
#..#.......#@#
.####..##.....##O#
.......###...###.#
.####...##...###.#####.
........................
.####...###?.#########.#
..........[..#
.............#
#####..#######


You could see a two-headed ogre.

Vanquished Creatures
  Pikel (D:5)
  Grinder (D:5)
  3 hippogriffs
  2 wargs (D:8)
  Duvessa (D:5)
  2 sky beasts (D:7)
  4 slaves (D:5)
  An orc warrior (D:8)
  2 centaurs (D:7)
  3 ogres
  A gnoll sergeant (D:7)
  7 bullfrogs
  Dowan (D:6)
  2 scorpions
  4 killer bees (D:8)
  5 crimson imps
  A bullfrog zombie (D:5)
  A centaur zombie (D:5)
  2 jellies (D:7)
  A quasit (D:8)
  3 hounds
  9 orc priests
  A bullfrog skeleton (D:8)
  7 iguanas
  4 orc wizards
  9 worker ants
  A hound skeleton (D:6)
  3 mummies (Ossuary)
  8 gnolls
  A howler monkey skeleton (D:4)
  7 adders
  2 shadow imps
  2 oozes
  2 adder zombies (Ossuary)
  2 adder skeletons
  A worm (D:5)
  3 dart slugs
  2 leopard geckos
  36 orcs
  6 giant cockroaches
  7 goblins
  6 hobgoblins
  A quokka (D:3)
  7 bats
  4 frilled lizards
  A giant cockroach zombie (D:5)
  A goblin zombie (Ossuary)
  5 hobgoblin zombies (Ossuary)
  14 kobolds
  4 kobold zombies (Ossuary)
  2 leopard gecko skeletons (D:4)
  2 quokka zombies (Ossuary)
  6 rats
  4 rat zombies (Ossuary)
218 creatures vanquished.

Notes
Turn   | Place    | Note
-------+----------+-------------------------------------------
     0 | D:1      | RKaid the Formicid Venom Mage began the quest for the Orb.
     0 | D:1      | Reached XP level 1. HP: 13/13 MP: 3/3
   197 | D:1      | Reached skill level 1 in Conjurations
   340 | D:1      | Reached XP level 2. HP: 20/20 MP: 0/5
   771 | D:1      | Reached XP level 3. HP: 25/25 MP: 1/6
   910 | D:1      | Reached skill level 1 in Fighting
  1278 | D:1      | Reached skill level 1 in Short Blades
  1592 | D:2      | Noticed Natasha
  1793 | D:2      | Reached skill level 5 in Poison Magic
  1793 | D:2      | Reached XP level 4. HP: 33/33 MP: 2/7
  2086 | D:3      | Reached skill level 2 in Dodging
  2195 | D:3      | Reached skill level 2 in Fighting
  2414 | D:3      | Reached XP level 5. HP: 39/39 MP: 8/8
  3343 | D:4      | Noticed an ogre
  3390 | D:4      | Noticed Cral's ghost (amateur MiFi)
  3522 | D:4      | Reached skill level 3 in Fighting
  3701 | D:4      | Reached skill level 3 in Dodging
  3701 | D:4      | Reached XP level 6. HP: 47/47 MP: 9/9
  3890 | D:4      | Reached skill level 2 in Short Blades
  4608 | D:4      | Reached skill level 4 in Fighting
  4608 | D:4      | Reached XP level 7. HP: 54/54 MP: 8/10
  4759 | D:4      | Reached skill level 1 in Maces & Flails
  4886 | D:4      | Reached skill level 2 in Maces & Flails
  4943 | D:5      | Entered Level 5 of the Dungeon
  5056 | D:5      | Reached skill level 3 in Maces & Flails
  5248 | D:5      | Reached XP level 8. HP: 53/61 MP: 9/11
  5456 | D:5      | Noticed Duvessa
  5461 | D:5      | Noticed Dowan
  5465 | D:5      | Noticed Grinder
  5488 | D:5      | Killed Duvessa
  5488 | D:5      | Reached skill level 5 in Fighting
  5488 | D:5      | Reached skill level 4 in Maces & Flails
  5508 | D:6      | Killed Dowan
  5571 | D:6      | Got a smoking falchion
  5607 | D:6      | Reached skill level 5 in Maces & Flails
  5789 | D:6      | Identified the +4 falchion of the Puffin {slice, rPois rF+ rN+ Dex+4} (You found it on level 6 of the Dungeon)
  6040 | D:5      | Found a shimmering altar of Xom.
  6125 | D:5      | Killed Grinder
  6125 | D:5      | Reached skill level 6 in Fighting
  6125 | D:5      | Reached skill level 6 in Maces & Flails
  6125 | D:5      | Reached XP level 9. HP: 52/69 MP: 12/12
  6185 | D:5      | Noticed Pikel
  6246 | D:5      | Killed Pikel
  6246 | D:5      | Reached skill level 7 in Fighting
  6246 | D:5      | Reached skill level 7 in Maces & Flails
  6971 | D:6      | Reached skill level 8 in Maces & Flails
  7872 | D:7      | Found a sand-covered staircase.
  7879 | Ossuary  | Entered an ossuary
  8092 | D:7      | Found a staircase to the Ecumenical Temple.
  8133 | D:7      | Gained mutation: Armour fits poorly on your strangely shaped body. [mutagenic meat]
  8134 | D:7      | Gained mutation: Potions are less effective at restoring your health. [mutagenic meat]
  8272 | Temple   | Entered the Ecumenical Temple
  8273 | Temple   | Lost mutation: Armour fits poorly on your strangely shaped body. [potion of mutation]
  8273 | Temple   | Lost mutation: Potions are less effective at restoring your health. [potion of mutation]
  8273 | Temple   | Gained mutation: You are dopey. (Int -2) [potion of mutation]
  8273 | Temple   | Gained mutation: You are partially covered in iridescent scales. (AC +2) [potion of mutation]
  8516 | Temple   | Became a worshipper of Elyvilon the Healer
  8586 | D:7      | Noticed a hippogriff
  8600 | D:7      | Killed a hippogriff
  8600 | D:7      | Reached skill level 8 in Fighting
  8600 | D:7      | Reached skill level 9 in Maces & Flails
  8837 | D:7      | Noticed a hippogriff
  8858 | D:7      | Killed a hippogriff
  8858 | D:7      | Reached XP level 10. HP: 47/80 MP: 13/13
 10127 | D:7      | Reached skill level 10 in Maces & Flails
 10161 | D:8      | Reached skill level 1 in Long Blades
 10167 | D:8      | Reached skill level 9 in Fighting
 10354 | D:8      | Noticed a two-headed ogre
 10417 | D:8      | Reached skill level 2 in Long Blades
 10485 | D:8      | HP: 15/83 [two-headed ogre/giant club (13)]
 10892 | D:8      | Noticed a centaur warrior
 11145 | D:8      | Found a staircase to the Lair.
 11297 | D:8      | HP: 10/84 [two-headed ogre/giant club (14)]
 11297 | D:8      | Slain by a two-headed ogre

Skill      XL: |  1  2  3  4  5  6  7  8  9 10 |
---------------+-------------------------------+-----
Conjurations   | 1 |  1.0
Fighting       | 1 2 3 4 6 8 9 |  9.7
Short Blades   | 1 2 |  2.6
Poison Magic   | 5 |  5.0
Dodging        | 2 3 |  3.5
Maces & Flails | 3 6 9 10 | 10.3
Long Blades    | 2 |  2.0
Stealth        | |  2.4
Spellcasting   | |  2.5

Action                   |  1- 3 |  4- 6 |  7- 9 | 10-12 || total
-------------------------+-------+-------+-------+-------++-------
Melee: Short sword       |    37 |   138 |       |       ||   175
       Whip              |       |       |   185 |   100 ||   285
       Falchion          |       |       |   174 |    93 ||   267
 Fire: Blowgun           |       |    22 |       |       ||    22
       Hunting sling     |       |    11 |    83 |    36 ||   130
Throw: Throwing net      |       |       |       |     1 ||     1
 Cast: Sting             |    63 |     8 |    17 |     3 ||    91
 Abil: Dig               |     1 |     5 |     8 |     5 ||    19
Evoke: Wand              |       |       |       |     3 ||     3
  Use: Scroll            |     1 |    11 |     6 |       ||    18
       Potion            |       |       |     1 |       ||     1
 Stab: Sleeping          |       |     2 |       |       ||     2
       Distracted        |       |       |     1 |       ||     1
  Eat: Chunk             |     4 |     7 |    11 |     6 ||    28
       Royal jelly       |       |     1 |       |       ||     1
       Fruit             |       |       |     2 |     3 ||     5
       Meat ration       |       |       |     1 |       ||     1
Armor: Robe              |     6 |       |       |       ||     6
       Ring mail         |     7 |    46 |   111 |    60 ||   224
Dodge: Dodged            |    35 |    62 |   199 |   102 ||   398
       Rpst.: Falchion   |       |       |    24 |    14 ||    38

Table legend:
 A = Turns spent in this place as a percentage of turns spent in the entire game.
 B = Non-inter-level travel turns spent in this place as a percentage of non-inter-level travel turns spent in the entire game.
 C = Inter-level travel turns spent in this place as a percentage of turns spent in this place.
 D = Turns resting spent in this place as a percentage of non-inter-level travel turns spent in this place.
 E = Turns spent auto-exploring this place as a percentage of non-inter-level travel turns spent in this place.
 F = Non-inter-level travel turns spent in this place divided by the number of levels of this place that you've seen.
                   A       B       C       D       E      F
               +-------+-------+-------+-------+-------+----------------------
         Total | 100.0 | 100.0 |   0.7 |   4.9 |   5.3 | 357.6
       Dungeon |  92.9 |  92.9 |   0.7 |   5.3 |   5.1 | 415.4
        Temple |   2.8 |   2.8 |   2.0 |   0.0 |  19.2 |  99.0
       Ossuary |   4.3 |   4.3 |   0.0 |   1.3 |   0.6 | 154.0
               +-------+-------+-------+-------+-------+----------------------

Table legend:
 A = Kills in this place as a percentage of kills in entire the game.
 B = Kills by you in this place as a percentage of kills by you in the entire game.
 C = Kills by friends in this place as a percentage of kills by friends in the entire game.
 D = Other kills in this place as a percentage of other kills in the entire game.
 E = Experience gained in this place as a percentage of experience gained in the entire game.
 F = Experience gained in this place divided by the number of levels of this place that you have seen.
                   A       B       C       D       E      F
               +-------+-------+-------+-------+-------+----------------------
         Total | 100.0 | 100.0 |  -nan |  -nan | 100.0 | 654.3
       Dungeon |  90.2 |  90.2 |  -nan |  -nan |  98.7 | 807.4
       Ossuary |   9.8 |   9.8 |  -nan |  -nan |   1.3 |  84.0
               +-------+-------+-------+-------+-------+----------------------
